Map: Nightscape CE

Players

Finn

  • Race: Terran Terran
  • Spawn Location: 1:00

Mathias

  • Race: Protoss Protoss
  • Spawn Location: 1:00

Zarlon - Winner!

  • Race: Zerg Zerg
  • Spawn Location: 7:00

StarGalaxy - Winner!

  • Race: Protoss Protoss
  • Spawn Location: 7:00

VOD

Have the link to the VOD?

Description

Time

  • Played on: Dec. 21, 2025, 6:15 p.m.
  • Length: 9:44
Show
View Real Time Build Order
Export as new Build Order

Finn Terran 

Build Orders:  

Get SALT Encoding   

  12  0:01  SCV  
  13  0:13  Refinery  
  13  0:20  Refinery  
  13  0:44  SCV  
  14  0:56  SCV  
  15  0:58  Supply Depot  
  15  1:05  Supply Depot  
  15  1:08  Supply Depot  
  15  1:20  SCV  
  16  1:29  Supply Depot  
  16  1:32  SCV  
  17  1:44  SCV  
  18  1:56  SCV  
  19  2:04  Barracks  
  19  2:25  Engineering Bay  
  19  2:31  SCV  
  20  2:43  SCV  
  21  2:56  SCV  
  22  2:59  Factory  
  22  3:07  Barracks  
  22  3:11  Barracks Tech Lab  
  14  4:42  Command Center  
  13  6:06  Refinery  
  13  6:08  Refinery  
  13  6:52  SCV  
  14  7:04  SCV  
  15  7:16  Command Center  
  15  7:31  SCV  
  6  7:44  Refinery  
  5  8:42  SCV  
  6  8:54  SCV  
Show
View Real Time Build Order
Export as new Build Order

Mathias Protoss 

Build Orders:  

Get SALT Encoding   

  12  0:00  Probe  
  13  0:12  Probe  
  14  0:23  Pylon  
  14  0:25  Probe  
  15  0:41  Probe  
  16  0:44  Gateway  
  16  0:48  Assimilator  
  16  0:53  Probe  
  17  1:02  Pylon  
  17  1:05  Probe  
  18  1:18  Probe  
  19  1:25  Pylon  
  19  1:29  Assimilator  
  19  1:41  Cybernetics Core  
  19  1:47  Gateway  
  19  1:49  Gateway  
  19  1:55  Probe  
  20  2:07  Probe, Zealot  
  23  2:18  Warp Gate  
  23  2:19  Probe  
  24  2:26  Pylon  
  24  2:39  Zealot  
  24  2:41  Zealot  
  28  2:48  Gateway  
  28  2:53  Gateway  
  2  3:37  Zealot  
  2  3:38  Zealot x3  
  8  3:47  Zealot  
Show
View Real Time Build Order
Export as new Build Order

Zarlon Zerg - Winner!

Build Orders: Pool First 

Get SALT Encoding   

  12  0:01  Drone  
  13  0:15  Drone  
  13  0:17  Overlord  
  14  0:36  Spawning Pool  
  14  0:39  Drone  
  14  0:41  Drone  
  15  0:45  Drone  
  16  0:53  Extractor  
  15  0:59  Overlord  
  15  1:23  Queen  
  17  1:26  Zergling x4  
  17  1:27  Zergling x2  
  20  1:38  Overlord  
  20  1:55  Metabolic Boost  
  20  2:03  Zergling x4  
  22  2:11  Zergling x2  
  23  2:43  Extractor, Drone x4  
  26  2:58  Lair  
  26  3:44  Zergling x6  
  26  3:45  Zergling x6  
  32  4:31  Overlord x2  
  32  4:32  Overlord x3  
  32  5:16  Zergling x4  
  32  5:17  Zergling x8  
  13  5:55  Drone x3  
  13  5:56  Queen  
  18  6:52  Hatchery  
  17  7:05  Drone x3  
  17  7:07  Queen  
  22  7:22  Spire  
  21  8:10  Drone x3  
  24  9:21  Drone x6  
Show
View Real Time Build Order
Export as new Build Order

StarGalaxy Protoss - Winner!

Build Orders:  

Get SALT Encoding   

  12  0:06  Probe  
  12  0:14  Probe  
  14  0:48  Pylon  
  14  1:09  Gateway  
  14  1:10  Gateway  
  14  1:12  Gateway  
  14  1:13  Gateway  
  14  1:22  Probe  
  14  1:30  Probe  
  14  1:32  Pylon  
  16  2:01  Zealot x4  
  24  2:13  Pylon  
  24  2:29  Zealot x3  
  30  2:31  Zealot  
  32  2:47  Pylon  
  32  3:00  Zealot x2  
  32  3:02  Zealot  
  32  3:05  Zealot  
  40  3:36  Zealot x3  
  46  4:12  Pylon  
  46  4:30  Zealot  
  48  4:37  Gateway  
  48  5:07  Zealot x3  
  48  6:16  Pylon  
  48  6:19  Pylon  
  48  6:21  Pylon  
  48  6:30  Cybernetics Core  
  48  7:10  Forge, Probe  
  48  7:14  Assimilator  
  49  7:18  Probe  
  50  7:28  Probe  
  51  7:45  Probe  
  51  7:47  Assimilator  
  52  7:53  Probe  
  52  7:56  Warp Gate  
  53  8:02  Probe  
  54  8:47  Twilight Council  
Tags
 
Add a new tag
Caveats
  • Supply blocks, unpowered buildings, or Contaminate may cause inaccurate times.
  • Supply counts are checked every 10 seconds.